 Dungeon Crawl Stone Soup version 0.25.1-2-g60ff931df9 (webtiles) character file.

Game seed: 13554573706067266152

46059 snek11 the Severer (level 14, -19/190 HPs)
             Began as a Minotaur Berserker on Oct 14, 2020.
             Was an Elder of Trog.
             Demolished by an orc warrior
             ... wielding a +0 glaive
              (25 damage)
             ... on level 2 of the Orcish Mines on Oct 15, 2020.
             The game lasted 02:14:51 (20018 turns).

snek11 the Severer (Minotaur Berserker)            Turns: 20018, Time: 02:14:54

Health: -19/190    AC: 28    Str: 33    XL:     14   Next: 3%
Magic:  0/14       EV: 12    Int:  4    God:    Trog [****..]
Gold:   1367       SH: 14    Dex: 20    Spells: 13/13 levels left

rFire    . . .     SeeInvis .   A - +5 broad axe "Wedyufa" {vorpal, Dex+8}
rCold    . . .     Gourm    .   N - +0 kite shield
rNeg     . . .     Faith    .   M - +2 plate armour
rPois    .         Spirit   +   E - +2 hat
rElec    .         Reflect  .   (no cloak)
rCorr    .         Harm     .   K - +2 pair of gloves
MR       +....     Clarity  +   G - +0 pair of boots
Stlth    ..........             s - amulet of guardian spirit
HPRegen  0.41/turn              T - +6 ring of strength
MPRegen  0.14/turn              B - +4 ring of protection

@: berserking (expiring), lethally poisoned (-19 -> -20), starving, very quick
A: retaliatory headbutt, horns 2, agile 1, blurry vision 1, clarity
a: Berserk, Trog's Hand, Brothers in Arms, Renounce Religion


You were on level 2 of the Orcish Mines.
You worshipped Trog.
Trog was greatly pleased with you.
You were starving.

You visited 3 branches of the dungeon, and saw 18 of its levels.
You also visited: Ossuary.

You collected 1882 gold pieces.
You spent 515 gold pieces at shops.

Inventory:

Hand Weapons
 a - a +0 hand axe
 j - a +4 hand axe of flaming
 A - the +5 broad axe "Wedyufa" (weapon) {vorpal, Dex+8}
   (You found it on level 15 of the Dungeon)

   It inflicts extra damage upon your enemies.
   It affects your dexterity (+8).
 V - a +1 shortbow of freezing
Missiles
 f - 403 stones (quivered)
Armour
 E - a +2 hat (worn)
 G - a +0 pair of boots (worn)
 K - a +2 pair of gloves (worn)
 M - a +2 plate armour (worn)
 N - a +0 kite shield (worn)
Jewellery
 e - an uncursed ring of resist corrosion
 s - an amulet of guardian spirit (around neck)
 y - an uncursed amulet of the acrobat
 B - a +4 ring of protection (right hand)
 H - an uncursed ring of resist corrosion
 I - an uncursed ring of magical power
 L - a +6 ring of strength
 T - a +6 ring of strength (left hand)
Wands
 b - a wand of iceblast (4)
 t - a wand of paralysis (9)
 C - a wand of acid (7)
 U - a wand of digging (5)
 X - a wand of flame (15)
 Y - a wand of random effects (28)
Scrolls
 d - a scroll of noise
 g - 4 scrolls of teleportation
 i - 10 scrolls of remove curse
 k - 3 scrolls of enchant armour
 o - a scroll of blinking
 p - 2 scrolls of magic mapping
 q - 2 scrolls of fear
 r - a scroll of enchant weapon {unknown}
 x - 3 scrolls of identify
 O - 5 scrolls of amnesia
 R - 2 scrolls of immolation
Potions
 h - 3 potions of heal wounds
 l - 3 potions of degeneration
 m - 2 potions of might
 n - 14 potions of curing
 u - 2 potions of invisibility
 w - 7 potions of lignification
 z - 2 potions of mutation
 D - 2 potions of ambrosia
 J - a potion of magic {unknown}
 P - 4 potions of flight
 Q - 2 potions of cancellation
 S - a potion of brilliance
Miscellaneous
 W - 2 boxes of beasts
Comestibles
 c - 4 rations
 v - 4 chunks of flesh


   Skills:
 + Level 12.7 Fighting
 + Level 18.4 Axes
 + Level 0.1 Throwing
 + Level 12.0 Armour
 + Level 5.9 Dodging
 + Level 3.4 Stealth
 + Level 11.1 Shields
 + Level 1.4 Evocations


You had 13 spell levels left.
You didn't know any spells.
Your spell library contained the following spells:

 Spells                   Type           Power        Failure   Level  Hunger
 Freeze                   Ice            #...         99%         1    ##.....
 Sublimation of Blood     Necr           #.........   100%        2    ###....
 Frozen Ramparts          Ice            #.....       100%        3    ####...
 Ignite Poison            Fire/Tmut/Pois #.......     100%        3    ####...
 Ozocubu's Armour         Chrm/Ice       #.......     100%        3    ####...
 Hailstorm                Conj/Ice       #.......     100%        4    #####..
 Petrify                  Tmut/Erth      #.......     100%        4    #####..
 Summon Ice Beast         Ice/Summ       #.......     100%        4    #####..
 Alistair's Intoxication  Tmut/Pois      #.......     100%        5    ######.
 Irradiate                Conj/Tmut      #.........   100%        5    ######.
 Eringya's Noxious Bog    Tmut/Pois      #.........   100%        6    #######


Dungeon Overview and Level Annotations

Branches:
Dungeon (15/15)            Temple (1/1) D:4            Lair (0/6) D:8
    Orc (2/2) D:11            Elf (0/3) Orc:2        Vaults (0/5) D:13
 Depths (0/5) D:15        Ossuary (visited)

Altars:
Ashenzari
Cheibriados
Dithmenos
Elyvilon
Fedhas
Gozag
Hepliaklqana
Kikubaaqudgha
Makhleb
Nemelex Xobeh
Okawaru
Qazlal
Ru
Sif Muna
Trog
Uskayaw
Vehumet
Wu Jian
Xom
Yredelemnul
Zin
The Shining One

Shops:
D:5 *[*   D:8 %

Annotations:
D:11 3 runed translucent doors, exclusion: obsidian statue, tinescath's ghost, journeyman BaIE
D:15 3 runed translucent doors, Duder's ghost, journeyman MiBe


Innate Abilities, Weirdness & Mutations

You reflexively headbutt those who attack you in melee.
You have a pair of horns on your head.
You are agile. (Dex +2)
Scrolls take you a little longer to read.
You possess an exceptional clarity of mind.


Message History

You slash the orc warrior!
The orc warrior is heavily wounded.
You hit the orc warrior.
You feel sick.
The orc knight no longer looks unusually strong.
The orc sorcerer shouts, "You are history!"
The orc warlord roars a battlecry!
The orcs go into a battle-frenzy!
An orc priest comes into view. It is wielding a +0 whip.
The orc wizard casts a spell.
The orc wizard blinks!
An orc comes into view.
Unknown command.
You barely miss the orc warrior. You headbutt the orc warrior.
The orc warrior is severely wounded.
You slice the orc warrior!!
You kill the orc warrior!
Trog accepts your kill.
You closely miss the orc priest.
The orc warrior hits you from afar with a +0 glaive!!
You die...

##............#
#.............#
#.............#
#.)...........#
#.............# .
#.............#..
##..........o....
##.....))o).o...o
#.......)@)oo..oo
##.....)))ooo...o
#........)o..o..o
##............#..
#...........ยง.#
. #........o....#
#.............#
#.............#


You could see an orc warlord, an orc knight (strong), an orc sorcerer (strong),
4 orc warriors, 5 orc priests, 2 orc wizards and 2 orcs.

Vanquished Creatures
  Kirke (D:13)
  2 ogre magi (D:13)
  2 two-headed ogres
  A centaur warrior (D:15)
  2 vault guards (D:13)
  Erica (Orc:1)
  3 orc high priests (Orc:2)
  Nergalle (D:10)
  An unseen horror (D:14)
  A wizard (D:13)
  5 orc knights
  A manticore (D:11)
  13 ugly things
  2 orc sorcerers (Orc:2)
  A deep elf mage (D:15)
  A guardian serpent (shapeshifter) (D:15)
  2 cyclopes
  2 gargoyles
  3 kobold demonologists
  Maggie (D:6)
  3 trolls
  2 hornets
  Grinder (D:6)
  8 slime creatures
  6 hippogriffs
  A meliai zombie (D:13)
  3 wraiths
  A vampire (D:12)
  3 humans (D:13)
  A spriggan (D:8)
  5 wyverns
  3 shadows
  A basilisk (D:15)
  3 yaks (D:11)
  A hungry ghost (D:14)
  2 steam dragons
  Edmund (D:6)
  6 vampire mosquitoes
  An acid dragon (D:13)
  8 ice beasts
  31 orc warriors
  4 sky beasts
  A necrophage (D:7)
  A phantom (D:8)
  3 eyes of draining
  9 centaurs
  8 ogres
  A crocodile (D:9)
  3 big kobolds
  A gnoll sergeant (D:7)
  5 bullfrogs
  3 scorpions
  9 wights
  4 howler monkeys
  10 crimson imps
  2 bullfrog zombies
  3 jellies
  A lava snake (D:8)
  5 hounds
  8 orc priests
  4 centaur skeletons
  A bullfrog skeleton (D:9)
  4 iguanas
  31 orc wizards
  10 worker ants
  A big kobold zombie (Ossuary)
  A hound zombie (D:5)
  2 hound skeletons
  8 mummies (Ossuary)
  A howler monkey zombie (D:10)
  4 gnolls (D:7)
  17 adders
  2 shadow imps
  An ooze (D:2)
  An adder skeleton (D:7)
  4 worms
  3 dart slugs
  5 leopard geckos
  99 orcs
  A ball python (D:7)
  6 bats
  5 giant cockroaches
  7 goblins
  7 hobgoblins
  4 jackals (D:5)
  16 kobolds
  3 quokkas
  2 frilled lizards
  3 gnoll zombies (Ossuary)
  2 hobgoblin zombies (Ossuary)
  2 kobold zombies (Ossuary)
  A leopard gecko skeleton (D:7)
  A quokka zombie (D:3)
  13 rats
  2 fungi (D:8)
  2 plants (D:8)
494 creatures vanquished.

Vanquished Creatures (collateral kills)
  A war gargoyle (D:15)
  An ettin (D:15)
  A yaktaur captain (D:15)
  2 vault guards (D:13)
  Erolcha (D:11)
  A two-headed ogre (shapeshifter) (D:15)
  A centaur warrior (D:15)
  A tengu warrior (D:13)
  A deep troll earth mage (D:15)
  A wolf spider (D:15)
  A cyclops (D:12)
  An ugly thing (D:13)
  Maurice (Orc:2)
  A yaktaur (D:15)
  2 trolls
  3 hogs (D:13)
  5 orc warriors
  An ice beast (D:9)
  A crocodile (D:8)
  4 wights (D:12)
  4 orc priests (Orc:2)
  4 orc wizards
  16 orcs
55 creatures vanquished.

Vanquished Creatures (others)
  3 plants (D:11)
3 creatures vanquished.

Grand Total: 552 creatures vanquished

Notes
Turn   | Place    | Note
-------+----------+-------------------------------------------
     0 | D:1      | snek11 the Minotaur Berserker began the quest for the Orb.
     0 | D:1      | Reached XP level 1. HP: 19/19 MP: 0/0
   185 | D:1      | Reached skill level 4 in Axes
   185 | D:1      | Reached XP level 2. HP: 21/27 MP: 1/1
   576 | D:1      | Reached ** piety under Trog
   720 | D:2      | Reached XP level 3. HP: 31/33 MP: 2/2
  1585 | D:2      | Reached XP level 4. HP: 40/40 MP: 3/3
  1743 | D:3      | Reached skill level 5 in Axes
  2444 | D:4      | Reached XP level 5. HP: 31/46 MP: 4/4
  2657 | D:4      | Found a staircase to the Ecumenical Temple.
  2669 | Temple   | Entered the Ecumenical Temple
  3023 | D:4      | Reached skill level 1 in Stealth
  3023 | D:4      | Noticed an ogre
  3030 | D:4      | Killed an ogre
  3030 | D:4      | Reached skill level 6 in Axes
  3056 | D:4      | Reached XP level 6. HP: 52/53 MP: 5/5
  3696 | D:5      | Entered Level 5 of the Dungeon
  3990 | D:5      | Found Ynor's Assorted Antiques.
  3994 | D:5      | Reached *** piety under Trog
  4051 | D:5      | Found Ummuyqigh's Assorted Antiques.
  4096 | D:5      | Bought a scroll of teleportation for 72 gold pieces
  4096 | D:5      | Bought a scroll of teleportation for 72 gold pieces
  4149 | D:5      | Reached XP level 7. HP: 44/60 MP: 6/6
  4310 | D:5      | Found Mod Xydygogo's Armour Emporium.
  4315 | D:5      | Bought a +2 hat for 176 gold pieces
  4512 | D:5      | Reached skill level 5 in Fighting
  4512 | D:5      | Reached skill level 7 in Axes
  4816 | D:6      | Noticed Maggie
  4846 | D:6      | Killed Maggie
  4846 | D:6      | Reached skill level 8 in Axes
  4846 | D:6      | Reached skill level 5 in Armour
  4846 | D:6      | Reached XP level 8. HP: 16/69 MP: 7/7
  5097 | D:6      | Noticed Grinder
  5104 | D:6      | Paralysed by Grinder for 2 turns
  5110 | D:6      | Killed Grinder
  5110 | D:6      | Noticed Edmund
  5315 | D:6      | Killed Edmund
  5315 | D:6      | Reached skill level 5 in Dodging
  5377 | D:6      | Reached skill level 9 in Axes
  5839 | D:7      | Reached skill level 1 in Evocations
  6026 | D:7      | Reached XP level 9. HP: 78/78 MP: 8/8
  6096 | D:7      | Reached skill level 10 in Axes
  6134 | D:7      | Reached **** piety under Trog
  6151 | D:7      | Reached skill level 1 in Shields
  6578 | D:8      | Found a sand-covered staircase.
  6734 | D:8      | Noticed a two-headed ogre
  6738 | D:8      | Found Hivud's Food Boutique.
  6967 | D:8      | Found a staircase to the Lair.
  7015 | D:8      | Reached skill level 11 in Axes
  7125 | D:8      | Bought a ration for 65 gold pieces
  7125 | D:8      | Bought a ration for 65 gold pieces
  7125 | D:8      | Bought a ration for 65 gold pieces
  7281 | Ossuary  | Entered an ossuary
  7547 | D:8      | Killed a two-headed ogre
  7547 | D:8      | Reached skill level 12 in Axes
  7796 | D:8      | Reached XP level 10. HP: 88/88 MP: 9/9
  8464 | D:9      | Found a sparkling altar of Nemelex Xobeh.
  8464 | D:9      | Found a radiant altar of Vehumet.
  8465 | D:9      | Found a hide-covered altar of Uskayaw.
  8468 | D:9      | Found a hazy altar of Hepliaklqana.
  8468 | D:9      | Found an iron altar of Okawaru.
  8779 | D:9      | Reached skill level 13 in Axes
  8813 | D:8      | Paralysed by a hornet for 3 turns
  9024 | D:8      | Gained mutation: You evolve. [potion of mutation]
  9024 | D:8      | Gained mutation: You are agile. (Dex +2) [potion of
                  | mutation]
  9429 | D:9      | Gained mutation: Scrolls take you a little longer to read.
                  | [evolution]
  9616 | D:10     | Entered Level 10 of the Dungeon
 10052 | D:10     | Reached ***** piety under Trog
 10052 | D:10     | Reached skill level 14 in Axes
 10055 | D:10     | Reached skill level 5 in Shields
 10435 | D:10     | Noticed Nergalle
 10885 | D:10     | Killed Nergalle
 10885 | D:10     | Reached XP level 11. HP: 95/95 MP: 10/10
 11682 | D:11     | Found a runed translucent gate.
 11682 | D:11     | Found a runed translucent gate.
 11688 | D:11     | Noticed tinescath's ghost (journeyman BaIE)
 11689 | D:11     | Noticed a nine-headed hydra
 11691 | D:11     | Found a runed translucent gate.
 11777 | D:11     | Noticed an obsidian statue
 11833 | D:11     | Found a staircase to the Orcish Mines.
 12545 | D:11     | Noticed a soul eater
 12556 | D:11     | Noticed a sixfirhy
 12834 | D:10     | Gained mutation: You possess an exceptional clarity of
                  | mind. [evolution]
 12834 | D:10     | Lost mutation: You evolve. [end of evolution]
 12905 | D:12     | Noticed a purple ugly thing
 12924 | D:12     | Killed a purple ugly thing
 12924 | D:12     | Reached skill level 15 in Axes
 13333 | D:12     | Noticed a white ugly thing
 13340 | D:12     | Killed a white ugly thing
 13583 | D:12     | Reached skill level 10 in Fighting
 14111 | D:13     | Got a bloodstained chain mail
 14129 | D:12     | Identified the cursed +1 chain mail "Ramenept" {rPois Str+9
                  | Int-5 Dex-3} (You found it on level 13 of the Dungeon)
 14129 | D:12     | Lost intelligence.
 14342 | D:13     | Noticed a two-headed ogre
 14347 | D:13     | Killed a two-headed ogre
 14347 | D:13     | Reached XP level 12. HP: 106/106 MP: 11/11
 14397 | D:13     | Noticed a tengu warrior
 14399 | D:13     | Noticed Kirke
 14403 | D:13     | Killed a tengu warrior
 14418 | D:13     | Killed Kirke
 14418 | D:13     | Reached skill level 16 in Axes
 15084 | D:13     | Noticed a vault guard
 15183 | D:13     | Killed a vault guard
 15196 | D:13     | Noticed an ogre mage
 15201 | D:13     | Killed an ogre mage
 15239 | D:13     | Noticed a vault guard
 15251 | D:13     | Killed a vault guard
 15257 | D:13     | Reached skill level 10 in Armour
 15371 | D:13     | Noticed an ogre mage
 15384 | D:13     | Killed an ogre mage
 15515 | D:13     | Found a gate to the Vaults.
 15515 | D:13     | Noticed a vault guard
 15515 | D:13     | Noticed a vault guard
 15516 | D:13     | Killed a vault guard
 15518 | D:13     | Killed a vault guard
 15848 | D:14     | Found a radiant altar of Vehumet.
 16767 | D:14     | Reached XP level 13. HP: 116/116 MP: 13/13
 16782 | D:14     | Found a shimmering altar of Xom.
 16859 | D:15     | Entered Level 15 of the Dungeon
 16921 | D:14     | Reached skill level 17 in Axes
 17594 | D:15     | Found a staircase to the Depths.
 17817 | D:15     | Noticed an ettin
 17817 | D:15     | Noticed a war gargoyle
 17825 | D:15     | Killed a war gargoyle
 17825 | D:15     | Reached skill level 10 in Shields
 17827 | D:15     | Killed an ettin
 17841 | D:15     | Got a buzzing broad axe
 17895 | D:15     | Identified the +5 broad axe "Wedyufa" {vorpal, Dex+8} (You
                  | found it on level 15 of the Dungeon)
 18222 | D:15     | Found a runed translucent gate.
 18222 | D:15     | Found a runed translucent gate.
 18222 | D:15     | Found a runed translucent gate.
 18223 | D:15     | Noticed Duder's ghost (journeyman MiBe)
 18640 | Orc:1    | Entered Level 1 of the Orcish Mines
 18640 | Orc:1    | Noticed Erolcha
 18647 | Orc:1    | Noticed Erica
 18836 | D:11     | Killed Erolcha
 18836 | D:11     | Reached skill level 18 in Axes
 18853 | Orc:1    | Killed Erica
 19270 | Orc:2    | Entered Level 2 of the Orcish Mines
 19270 | Orc:2    | Found a staircase to the Elven Halls.
 19604 | Orc:2    | Received a gift from Trog
 19818 | Orc:2    | Noticed Maurice
 19821 | Orc:2    | Paralysed by Maurice for 2 turns
 19824 | Orc:2    | Killed Maurice
 19998 | Orc:2    | Paralysed by an orc sorcerer for 4 turns
 20007 | Orc:2    | Noticed an orc warlord
 20012 | Orc:2    | HP: 6/178 [orc high priest/divine providence (9)]
 20014 | Orc:2    | Reached XP level 14. HP: 7/127 MP: 1/14
 20017 | Orc:2    | HP: 6/190 [poisoned by an orc knight]
 20018 | Orc:2    | Demolished by an orc warrior

Illustrated notes

Levels and vault maps discovered:
D:1:      minmay_arrival_solitary_statue, layout_rooms
D:2:      layout_basic
D:3:      layout_loops_ring, grunt_decor_cap
D:4:      layout_basic, minmay_temple_entry_waves
D:5:      layout_basic, serial_shops, nicolae_shop_crystal, shop_fountains,
          kennysheep_little_box, first_ration
D:6:      layout_loops_ring, uniq_grinder, uniq_maggie, uniq_edmund,
          uniq_sigmund
D:7:      layout_basic
D:8:      layout_basic, dpeg_oklobed_lair, enter_ossuary_1, serial_shops, shop,
          the_bakery, kennysheep_dice
D:9:      layout_rooms, grunt_temple_overflow_open
D:10:     layout_layer_cave, uniq_nergalle
D:11:     layout_cross, orc_0_dummy, gammafunk_ghost_hydra_chop,
          minmay_statue_bubble
D:12:     layout_cave_pools
D:13:     layout_small_grid, grunt_vaults_entry_fortified, uniq_kirke
D:14:     layout_roguey, lemuel_statue_altar, hangedman_abyss_or_decor_passed,
          xom_teletrap_fun
D:15:     grunt_enter_depths_snipers, layout_basic, serial_glass,
          glass_columns_b, glass_columns_a, glass_columns_b, glass_columns_a,
          gammafunk_ghost_spectres, minmay_misc_feat_encased,
          minmay_misc_feat_room, minmay_radiant
Temple:   minmay_crystal_spiral_temple
Orc:1:    layout_caves, uniq_erica, uniq_erolcha
Orc:2:    st_orc_congregation, layout_caves, uniq_maurice

Skill      XL: |  1  2  3  4  5  6  7  8  9 10 11 12 13 |
---------------+----------------------------------------+-----
Axes           | 4 5 6 8 9 12 14 15 16 18 | 18.4
Fighting       | 4 5 6 7 8 10 11 12 | 12.7
Dodging        | 3 4 5 |  5.9
Stealth        | 1 2 3 |  3.4
Armour         | 3 5 6 7 8 9 10 12 | 12.0
Evocations     | 1 |  1.4
Shields        | 2 5 8 9 11 | 11.1
Throwing       | |  0.1

Action                   |  1- 3 |  4- 6 |  7- 9 | 10-12 | 13-15 || total
-------------------------+-------+-------+-------+-------+-------++-------
Melee: Hand axe          |    81 |   104 |    28 |       |     2 ||   215
       Headbutt          |    11 |    16 |    41 |   120 |    58 ||   246
       Broad axe         |       |       |   198 |   515 |   195 ||   908
Throw: Stone             |       |       |       |    17 |       ||    17
Invok: Berserk           |     2 |     3 |     9 |    15 |     4 ||    33
       Brothers in Arms  |       |       |     1 |     8 |    12 ||    21
       Trog's Hand       |       |       |       |     1 |       ||     1
Evoke: Wand              |       |       |     4 |     4 |       ||     8
  Use: Scroll            |     1 |     1 |     1 |    18 |       ||    21
       Potion            |       |       |     1 |    12 |       ||    13
 Stab: Distracted        |       |       |       |       |     1 ||     1
  Eat: Chunk             |     4 |     7 |     9 |    11 |     6 ||    37
       Ration            |       |     1 |     3 |    11 |     3 ||    18
Armor: Animal skin       |    13 |     8 |       |       |       ||    21
       Scale mail        |       |    21 |     6 |       |       ||    27
       Acid dragon scale |       |       |    36 |       |       ||    36
       Plate armour      |       |       |    36 |   285 |    76 ||   397
Dodge: Dodged            |    50 |    83 |    98 |   199 |    55 ||   485
Block: Kite shield       |       |       |    48 |   316 |   113 ||   477
